 Dungeon Crawl Stone Soup version 0.21-a0-531-gacddea6 (webtiles) character file.

256 teukkam the Ducker (level 6, -2/47 HPs)
             Began as a Gnoll Wanderer on Dec 13, 2017.
             Slain by an orc
             ... wielding a +0 flail
              (4 damage)
             ... on level 4 of the Dungeon.
             The game lasted 00:10:37 (3072 turns).

teukkam the Ducker (Gnoll Wanderer)                 Turns: 3072, Time: 00:10:38

Health: -2/47      AC:  6    Str: 18    XL:     6   Next: 16%
Magic:  8/8        EV: 13    Int: 14    God:
Gold:   135        SH:  0    Dex: 18    Spells: 8/8 levels left

rFire    . . .     SeeInvis .   a - +0 great sword
rCold    . . .     Gourm    .   (shield currently unavailable)
rNeg     . . .     Faith    .   s - +0 scale mail
rPois    .         Spirit   .   (no helmet)
rElec    .         Reflect  .   (no cloak)
rCorr    .         Harm     .   (no gloves)
MR       .....                  (no boots)
Stlth    ++........             (no amulet)
HPRegen  0.15/turn              (no ring)
MPRegen  0.11/turn              (no ring)

@: mighty, very slightly contaminated
A: distributed training, fangs 1, strong nose
a: no special abilities


You were on level 4 of the Dungeon.
You were not hungry.

You visited 1 branch of the dungeon, and saw 5 of its levels.

You collected 135 gold pieces.

Inventory:

Hand Weapons
 a - a +0 great sword (weapon)
 b - a +0 blowgun
 f - a +0 dagger
 r - a +2 short sword
Missiles
 c - 6 poisoned needles
 m - 2 throwing nets (quivered)
 p - 5 javelins
Armour
 s - a +0 scale mail (worn)
Magical Staves
 x - an uncursed staff of power
Scrolls
 e - a scroll of remove curse
 i - 3 scrolls of identify
 j - 3 scrolls of fear {unknown}
 n - a scroll of enchant weapon {unknown}
 u - a scroll of amnesia {unknown}
 y - a scroll of random uselessness {unknown}
Potions
 t - a potion of lignification {unknown}
 v - a potion of flight
Comestibles
 g - 3 bread rations
 h - a meat ration


   Skills:
 + Level 3.1 Fighting
 + Level 4.9 Short Blades
 + Level 3.1 Long Blades
 + Level 1.8 Axes
 + Level 1.8 Maces & Flails
 + Level 1.8 Polearms
 + Level 1.8 Staves
 + Level 1.8 Slings
 + Level 1.8 Bows
 + Level 1.8 Crossbows
 + Level 3.1 Throwing
 + Level 1.8 Armour
 + Level 4.9 Dodging
 + Level 4.5 Stealth
 + Level 3.1 Shields
 + Level 1.8 Unarmed Combat
 + Level 1.8 Spellcasting
 + Level 1.4 Conjurations
 + Level 1.4 Hexes
 + Level 1.4 Charms
 + Level 1.4 Summonings
 + Level 1.4 Necromancy
 + Level 1.4 Translocations
 + Level 1.4 Transmutations
 + Level 1.4 Fire Magic
 + Level 1.4 Ice Magic
 + Level 1.4 Air Magic
 + Level 1.4 Earth Magic
 + Level 1.4 Poison Magic
 + Level 2.0 Invocations
 + Level 1.8 Evocations


You had 8 spell levels left.
You didn't know any spells.

Dungeon Overview and Level Annotations

Branches:
Dungeon (5/15)
 Temple: D:4-7

Altars:

Annotations:
D:4 Dowan
D:5 Grinder


Innate Abilities, Weirdness & Mutations

Your experience applies equally to all skills.
You have very sharp teeth.
Your uncanny sense of smell can sniff out nearby items.


Message History

You slash the orc!
You kill the orc!
Something hits you.
* * * LOW HITPOINT WARNING * * *
Something hits you but does no damage.
The orc throws a tomahawk.
Unknown command.
You closely miss something. Something hits you.
* * * LOW HITPOINT WARNING * * *
You closely miss the orc. Something barely misses you.
The orc closely misses you. Something hits you but does no damage.
The orc misses you.
You slice the orc!!
You kill the orc!
Something hits you.
* * * LOW HITPOINT WARNING * * *
Something hits you but does no damage.
You hear some strange, mumbled words.
A puff of flame appears from out of thin air!
The puff of flame misses you. The orc hits you with a flail.
You die...

...o....####. ....(..
##..#.<..####. .. .....
#...##........ .... ....
...........### .... .#
#..
..#.....(.o######..##.##
#.####
..#.......o....##... ...
#.<..#
..#.......####oo#..#
.#.######.#. ..#........
##o##.##.#..# #.#.
..#.......#.
#.@.....##.# ##...
..........###
####...###.# #..#. #.
#.....#.####..#. #
#..##...........
#....###..........
#.o#.# ##....##...
......##....#.##...
..###.....#..#.##... ###
#...##......#...


You could see 3 orcs.

Vanquished Creatures
  A scorpion (D:4)
  Jessica (D:3)
  A centaur skeleton (D:3)
  A worker ant (D:5)
  7 adders
  A shadow imp (D:4)
  An adder skeleton (D:4)
  2 worms (D:3)
  4 leopard geckos
  6 orcs
  2 ball pythons
  A giant cockroach (D:1)
  4 goblins (D:3)
  5 hobgoblins
  2 bats
  5 frilled lizards (D:3)
  A jackal skeleton (D:4)
  3 kobolds
  5 rats
53 creatures vanquished.

Notes
Turn   | Place    | Note
-------+----------+-------------------------------------------
     0 | D:1      | teukkam the Gnoll Wanderer began the quest for the Orb.
     0 | D:1      | teukkam set off with: a +2 short sword, a potion of curing, 7 poisoned needles, a +0 blowgun, a +0 robe, a +0 dagger, a bread ration
     0 | D:1      | Reached XP level 1. HP: 17/17 MP: 1/1
   213 | D:1      | Reached XP level 2. HP: 23/23 MP: 2/2
  1144 | D:2      | Reached XP level 3. HP: 21/28 MP: 3/3
  1318 | D:3      | Reached skill level 1 in Invocations
  1323 | D:3      | Reached skill level 1 in Axes
  1323 | D:3      | Reached skill level 1 in Maces & Flails
  1323 | D:3      | Reached skill level 1 in Polearms
  1323 | D:3      | Reached skill level 1 in Staves
  1323 | D:3      | Reached skill level 1 in Slings
  1323 | D:3      | Reached skill level 1 in Bows
  1323 | D:3      | Reached skill level 1 in Crossbows
  1323 | D:3      | Reached skill level 1 in Armour
  1323 | D:3      | Reached skill level 1 in Unarmed Combat
  1323 | D:3      | Reached skill level 1 in Spellcasting
  1323 | D:3      | Reached skill level 1 in Evocations
  1323 | D:3      | Reached XP level 4. HP: 32/34 MP: 3/5
  1407 | D:3      | Noticed Jessica
  1427 | D:3      | Killed Jessica
  1427 | D:3      | Reached skill level 1 in Conjurations
  1427 | D:3      | Reached skill level 1 in Hexes
  1427 | D:3      | Reached skill level 1 in Charms
  1427 | D:3      | Reached skill level 1 in Summonings
  1427 | D:3      | Reached skill level 1 in Necromancy
  1427 | D:3      | Reached skill level 1 in Translocations
  1427 | D:3      | Reached skill level 1 in Transmutations
  1427 | D:3      | Reached skill level 1 in Fire Magic
  1427 | D:3      | Reached skill level 1 in Ice Magic
  1427 | D:3      | Reached skill level 1 in Air Magic
  1427 | D:3      | Reached skill level 1 in Earth Magic
  1427 | D:3      | Reached skill level 1 in Poison Magic
  1786 | D:3      | Reached XP level 5. HP: 33/40 MP: 6/6
  2759 | D:4      | Noticed Dowan
  2776 | D:5      | Entered Level 5 of the Dungeon
  2783 | D:5      | Reached XP level 6. HP: 23/47 MP: 8/8
  3033 | D:5      | Noticed Grinder
  3037 | D:5      | Paralysed by Grinder for 2 turns
  3042 | D:5      | Paralysed by Grinder for 7 turns
  3048 | D:5      | HP: 2/47 [Grinder (4)]
  3072 | D:4      | HP: 2/47 [something (2)]
  3072 | D:4      | Slain by an orc

Vault maps used:
D:1:      tarquinn_simple_flora_water_d
D:2:      serial_bayou_lake_a
D:3:      minmay_divided_ellipse, uniq_jessica
D:4:      uniq_duvessa
D:5:      first_bread, uniq_grinder

Skill      XL: |  1  2  3  4  5 |
---------------+----------------+-----
Invocations    | 1 2 |  2.0
Axes           | 1 |  1.8
Maces & Flails | 1 |  1.8
Polearms       | 1 |  1.8
Staves         | 1 |  1.8
Slings         | 1 |  1.8
Bows           | 1 |  1.8
Crossbows      | 1 |  1.8
Armour         | 1 |  1.8
Unarmed Combat | 1 |  1.8
Spellcasting   | 1 |  1.8
Evocations     | 1 |  1.8
Conjurations   | 1 |  1.4
Hexes          | 1 |  1.4
Charms         | 1 |  1.4
Summonings     | 1 |  1.4
Necromancy     | 1 |  1.4
Translocations | 1 |  1.4
Transmutations | 1 |  1.4
Fire Magic     | 1 |  1.4
Ice Magic      | 1 |  1.4
Air Magic      | 1 |  1.4
Earth Magic    | 1 |  1.4
Poison Magic   | 1 |  1.4
Fighting       | 3 |  3.1
Long Blades    | 3 |  3.1
Throwing       | 3 |  3.1
Shields        | 3 |  3.1
Short Blades   | |  4.9
Dodging        | |  4.9
Stealth        | |  4.5

Action                   |  1- 3 |  4- 6 || total
-------------------------+-------+-------++-------
Melee: Short sword       |    42 |    52 ||    94
       Bite              |     3 |    13 ||    16
       Great sword       |       |    90 ||    90
 Fire: Blowgun           |     5 |       ||     5
Throw: Throwing net      |     2 |       ||     2
  Use: Potion            |       |     5 ||     5
       Scroll            |       |     3 ||     3
 Stab: Sleeping          |     3 |     1 ||     4
       Held in net/web   |     1 |       ||     1
  Eat: Chunk             |       |     3 ||     3
       Royal jelly       |       |     2 ||     2
Armor: Ring mail         |     8 |     4 ||    12
       Robe              |     1 |       ||     1
       Scale mail        |       |    53 ||    53
Dodge: Dodged            |    22 |   109 ||   131
       Rpst.: Great sword |       |    22 ||    22

Table legend:
 A = Spawn XP
 B = Non-spawn XP
 C = Spawn XP percentage of total XP
 D = Spawn monster count
 E = Non-spawn monster count
 F = Spawn count percentage of total count
 G = Total turns spent on level
                    A         B        C        D         E        F      G
               +---------+---------+-------+---------+---------+-------+---------
         Total |       0 |     367 |   0.0 |       0 |      53 |   0.0 |  3072
               +---------+---------+-------+---------+---------+-------+---------
           D:1 |       0 |      10 |   0.0 |       0 |       5 |   0.0 |   808
           D:2 |       0 |      33 |   0.0 |       0 |       6 |   0.0 |   416
           D:3 |       0 |     178 |   0.0 |       0 |      33 |   0.0 |  1465
           D:4 |       0 |     107 |   0.0 |       0 |       7 |   0.0 |   105
           D:5 |       0 |      39 |   0.0 |       0 |       2 |   0.0 |   278
               +---------+---------+-------+---------+---------+-------+---------
